 Dungeon Crawl Stone Soup version 0.23-a0-373-g305c090 (webtiles) character file.

154 tatocazan the Chopper (level 5, 0/66 HPs)
             Began as a Demonspawn Berserker on Oct 25, 2018.
             Was a Believer of Trog.
             Slain by an orc warrior
             ... wielding a +0 mace
              (12 damage)
             ... on level 3 of the Dungeon.
             The game lasted 00:03:06 (3007 turns).

tatocazan the Chopper (Demonspawn Berserker)        Turns: 3007, Time: 00:03:06

Health: 0/66       AC:  7    Str: 22    XL:     5   Next: 13%
Magic:  5/5        EV: 11    Int:  9    God:    Trog [**....]
Gold:   69         SH:  0    Dex: 13    Spells: 4/4 levels left

rFire    . . .     SeeInvis .   a - +0 hand axe
rCold    . . .     Gourm    .   (no shield)
rNeg     . . .     Faith    .   h - +0 ring mail
rPois    .         Spirit   .   (no helmet)
rElec    .         Reflect  .   (no cloak)
rCorr    .         Harm     .   (no gloves)
MR       .....                  (no boots)
Stlth    ..........             (no amulet)
HPRegen  0.21/turn              (no ring)
MPRegen  0.09/turn              (no ring)

@: berserking, very quick
A: rugged brown scales 2, rot immunity
a: Berserk, Trog's Hand, Renounce Religion


You were on level 3 of the Dungeon.
You worshipped Trog.
Trog was pleased with you.
You were hungry.

You visited 1 branch of the dungeon, and saw 3 of its levels.

You collected 69 gold pieces.

Inventory:

Hand Weapons
 a - a +0 hand axe (weapon)
Armour
 b - a +0 animal skin
 h - a +0 ring mail (worn)
Jewellery
 i - an uncursed ring of see invisible {unknown}
Scrolls
 d - a scroll of blinking {unknown}
 e - 3 scrolls of amnesia {unknown}
 k - 3 scrolls of teleportation {unknown}
 o - a scroll of remove curse {unknown}
 p - a scroll of identify {unknown}
Potions
 f - 2 potions of agility {unknown}
 g - a potion of haste {unknown}
 j - 2 potions of flight {unknown}
 l - a potion of curing {unknown}
 m - a potion of heal wounds {unknown}
Comestibles
 c - 4 rations
 n - 2 chunks of flesh


   Skills:
 + Level 4.0 Fighting
 * Level 4.4 Axes
 - Level 2.0 Armour
 - Level 2.0 Dodging


You had 4 spell levels left.
You didn't know any spells.
Your spell library was empty.

Dungeon Overview and Level Annotations

Branches:
Dungeon (3/15)

Altars:
Kikubaaqudgha


Innate Abilities, Weirdness & Mutations

You are mostly covered in rugged brown scales. (AC +2, +5% HP)
You are immune to rotting.


Message History

You slash the orc priest!
You kill the orc priest!
Trog accepts your kill.
Your Fighting skill increases to level 4!
You have reached level 5!
You hit the orc warrior.
You regained 2 hp, and now have 12/66 hp.
MP restored: 5 You barely miss the orc warrior.
The orc warrior is moderately wounded.
You slash the orc!
You kill the orc!
Trog accepts your kill.
You hit the orc warrior.
The orc warrior is heavily wounded.
You slash the orc!
You kill the orc!
Trog accepts your kill.
The orc warrior hits you with a +0 mace!
You die...

#.###.######
#.. #..#
##.###.#
#.>.#.#
##.(.# ##..#
#..# #.(#
##@# #o)#
.o...
#.......
#.........
#.........
#.........
#.......?.


You could see an orc warrior and an orc.

Vanquished Creatures
  An orc priest (D:3)
  A hound zombie (D:3)
  4 adders
  2 worms (D:2)
  A dart slug (D:2)
  5 leopard geckos
  2 orcs (D:3)
  2 bats
  A bat zombie (D:2)
  3 giant cockroaches (D:1)
  7 goblins
  5 hobgoblins
  8 jackals (D:1)
  4 kobolds
  5 frilled lizards
  9 rats
  A rat zombie (D:2)
61 creatures vanquished.

Notes
Turn   | Place    | Note
-------+----------+-------------------------------------------
     0 | D:1      | tatocazan the Demonspawn Berserker began the quest for the
                  | Orb.
     0 | D:1      | Reached XP level 1. HP: 18/18 MP: 1/1
    29 | D:1      | Gained mutation: You are immune to rotting. [demonic
                  | ancestry]
    29 | D:1      | Reached XP level 2. HP: 15/24 MP: 2/2
   854 | D:1      | Gained mutation: You are partially covered in rugged brown
                  | scales. (AC +1, +3% HP) [demonic ancestry]
   854 | D:1      | Reached XP level 3. HP: 11/29 MP: 3/3
  1277 | D:1      | Reached ** piety under Trog
  1979 | D:2      | Gained mutation: You are mostly covered in rugged brown
                  | scales. (AC +2, +5% HP) [demonic ancestry]
  1979 | D:2      | Reached XP level 4. HP: 15/38 MP: 4/4
  2438 | D:2      | Found an ancient bone altar of Kikubaaqudgha.
  2997 | D:3      | Noticed an orc warrior
  3005 | D:3      | Reached XP level 5. HP: 12/44 MP: 5/5
  3007 | D:3      | Slain by an orc warrior

Vault maps used:
D:1:      psy_arrival_dodecagon
D:2:      lemuel_zombie_altar_kikubaaqudgha
D:3:      first_ration, serial_undead, serial_undead_a, serial_undead_e,
          serial_undead_b, serial_undead_f

Skill      XL: |  1  2  3  4 |
---------------+-------------+-----
Armour         | 2 |  2.0
Dodging        | 2 |  2.0
Axes           | 3 4 |  4.4
Fighting       | 4 |  4.0

Action                   |  1- 3 |  4- 6 || total
-------------------------+-------+-------++-------
Melee: Hand axe          |   164 |    93 ||   257
Invok: Berserk           |     2 |     1 ||     3
  Eat: Chunk             |     5 |     4 ||     9
Armor: Animal skin       |     7 |       ||     7
       Ring mail         |    64 |    48 ||   112
Dodge: Dodged            |   123 |    45 ||   168

Table legend:
 A = Non-vault XP
 B = Vault XP
 C = Vault XP percentage of total XP
 D = Non-vault monster count
 E = Vault monster count
 F = Vault count percentage of total count
                 A         B        C        D         E       F
            +---------+---------+-------+---------+---------+-------
      Total |     197 |      23 |  10.5 |      58 |       3 |   4.9
            +---------+---------+-------+---------+---------+-------
        D:1 |      50 |       0 |   0.0 |      27 |       0 |   0.0
        D:2 |      86 |       3 |   3.4 |      25 |       2 |   7.4
        D:3 |      61 |      20 |  24.7 |       6 |       1 |  14.3
            +---------+---------+-------+---------+---------+-------
